 Dungeon Sprint DCSS version 0.21.0-24-g2553a33 (webtiles) character file.

13534 letownia2 the Brawler (level 11, -11/120 HPs)
             Began as a Troll Wizard on Jan 21, 2018.
             Was an Initiate of Gozag.
             Killed from afar by a frost giant (32 damage)
             ... with a bolt of cold
             ... in the Dungeon (Sprint IX: "|||||||||||||||||||||||||||||").
             The game lasted 00:14:32 (2638 turns).

letownia2 the Brawler (Troll Wizard)                Turns: 2638, Time: 00:14:32

Health: -11/120    AC: 16    Str: 16    XL:     11   Next: 76%
Magic:  2/17       EV: 11    Int: 16    God:    Gozag
Gold:   636        SH:  0    Dex:  9    Spells: 3/20 levels left

rFire    . . .     SeeInvis .     - Unarmed
rCold    . . .     Gourm    +   (no shield)
rNeg     + . .     Faith    .   E - +0 acid dragon scales
rPois    +         Spirit   .   b - +0 hat
rElec    .         Reflect  .   y - +2 ratskin cloak {+Rats rPois rN+ Str-1 Int-1 Dex+1}
rCorr    +         Harm     .   (gloves unavailable)
MR       .....     NoTele   +   (boots unavailable)
Stlth    +.........             (no amulet)
HPRegen  0.70/turn              s - +2 ring of protection
MPRegen  0.15/turn              t - +2 ring of protection

@: no status effects
A: large, unfitting armour, claws 3, fast metabolism 3, gourmand, regeneration
1, shaggy fur 1, tough skin 2
a: Potion Petition, Call Merchant, Bribe Branch, Renounce Religion, Evoke
Ratskin


You were in the Dungeon.
You worshipped Gozag.
Gozag was pleased with you.
You were not hungry.

You visited 1 branch You collected 8082 gold pieces.
You spent 3260 gold pieces at shops.
You paid 4186 gold pieces to Gozag.

Inventory:

Hand Weapons
 q - the +2 scimitar of Abomination {pain, +Blink rF+ Int+3 Dex-2}
   (You found it in the Dungeon)

   In the hands of one skilled in necromantic magic, it inflicts extra damage on
   living creatures.
   It affects your intelligence (+3).
   It affects your dexterity (-2).
   It protects you from fire.
   It lets you blink.
 D - the +3 trident of Vefakh {flame, rC+ rN+ Stlth-}
   (You found it in the Dungeon)

   It has been specially enchanted to burn those struck by it, causing extra
   injury to most foes and up to half again as much damage against particularly
   susceptible opponents.
   It protects you from cold.
   It protects you from negative energy.
   It makes you less stealthy.
Armour
 b - a +0 hat (worn)
 r - a +0 robe of positive energy
 y - the +2 ratskin cloak (worn) {+Rats rPois rN+ Str-1 Int-1 Dex+1}
   (You bought it in a shop in the Dungeon)

   It affects your strength (-1).
   It affects your intelligence (-1).
   It affects your dexterity (+1).
   It protects you from poison.
   It protects you from negative energy.
 A - the +1 cloak of Starlight {rElec rC+ EV+4 Stlth--}
   (You bought it in a shop in the Dungeon)

   It affects your evasion (+4).
   It protects you from cold.
   It insulates you from electricity.
   It makes you much less stealthy.
 E - +0 acid dragon scales (worn)
Magical Staves
 p - an uncursed staff of energy
Jewellery
 s - a +2 ring of protection (left claw)
 t - a +2 ring of protection (right claw)
 B - an uncursed ring of protection from magic
 C - an uncursed ring of protection from magic
Wands
 o - a wand of iceblast (10)
Scrolls
 j - 2 scrolls of blinking
 m - 3 scrolls of remove curse
 n - 2 scrolls of amnesia
 v - 4 scrolls of enchant weapon
 w - 9 scrolls of enchant armour
 x - a scroll of fear
 F - 2 scrolls of fog
Potions
 a - 2 potions of flight
 e - 8 potions of curing
 f - 9 potions of heal wounds
 g - 2 potions of haste
 h - 4 potions of magic
 i - 4 potions of berserk rage
 k - a potion of brilliance
 l - a potion of invisibility
 u - 4 potions of might
Books
 c - a book of Minor Magic

   Spells                             Type                      Level
   a - Magic Dart                     Conjuration                  1
   b - Blink                          Translocation                2
   c - Call Imp                       Summoning                    2
   d - Slow                           Hexes                        2
   e - Conjure Flame                  Conjuration/Fire             3
   f - Mephitic Cloud                 Conjuration/Poison/Air       3
 z - a book of Transfigurations

   Spells                             Type                      Level
   a - Irradiate                      Conjuration/Transmutation    5
   b - Statue Form                    Transmutation/Earth          6
   c - Hydra Form                     Transmutation                6
   d - Dragon Form                    Transmutation                7
Comestibles
 d - 18 rations


   Skills:
 - Level 11.0 Fighting
 + Level 2.6 Armour
 - Level 5.7 Dodging
 - Level 1.0 Stealth
 - Level 20.0 Unarmed Combat
 + Level 5.3 Spellcasting
 - Level 4.8 Conjurations
 - Level 0.6 Summonings
 - Level 3.2 Translocations
 + Level 2.8 Transmutations
 - Level 3.4 Fire Magic
 - Level 2.8 Air Magic
 + Level 3.4 Earth Magic
 - Level 3.1 Poison Magic


You had 3 spell levels left.
You knew the following spells:

 Your Spells              Type           Power        Failure   Level  Hunger
a - Magic Dart            Conj           ###.         2%          1    None
b - Blink                 Tloc           N/A          8%          2    #......
c - Conjure Flame         Conj/Fire      ###.....     11%         3    ###....
e - Mephitic Cloud        Conj/Pois/Air  ###.....     14%         3    ###....
i - Call Imp              Summ           #.......     24%         2    #......
u - Statue Form           Tmut/Erth      ##.......    100%        6    #######


Dungeon Overview and Level Annotations

Branches:
Dungeon (1/1)

Altars:
Cheibriados
Dithmenos
Elyvilon
Fedhas
Gozag
Hepliaklqana
Kikubaaqudgha
Makhleb
Nemelex Xobeh
Okawaru
Qazlal
Ru
Sif Muna
Trog
Uskayaw
Vehumet
Wu Jian
Xom
Yredelemnul
Zin
The Shining One
Beogh
Jiyva
Lugonu

Shops:
D *[[[=[:[


Innate Abilities, Weirdness & Mutations

You are too large for most types of armour.
You have claws for hands.
Your metabolism is lightning-fast.
You like to eat raw meat.
Your natural rate of healing is unusually fast.
You are covered in fur. (AC +1)
You have very tough skin. (AC +2)


Message History

The frost giant freezes you.
Unknown command.
You mangle the frost giant!!
The frost giant is heavily wounded.
Unknown command.
You barely miss the frost giant.
The frost giant is heavily wounded.
The frost giant hits you with a battleaxe of freezing!!!
The frost giant freezes you!!
* * * LOW HITPOINT WARNING * * *
Unknown command.
You claw the frost giant!
The frost giant is severely wounded.
Unknown command.
You mangle the frost giant!!
The frost giant is almost dead.
The frost giant gestures at you while chanting.
The bolt of cold hits you!
You die...
Your body crumbles into a pile of gold.

▓'▓.▓.▓.▓.▓.▓)▓
▓.▓.▓.▓.▓)▓.▓.▓
▓.▓.▓)▓.▓[▓.▓.▓
▓.▓.▓(▓.▓[▓.▓.▓
▓.▓.▓.▓.▓.▓.▓=▓
▓.▓.▓.▓.▓.▓.▓.▓
▓'▓.▓.▓[▓.▓.▓=▓
▓.▓.▓.▓[▓.▓.▓C▓
▓.▓.▓.▓.▓.▓.▓@▓
▓.▓.▓'▓.▓.▓.▓.▓
▓.▓.▓.▓[▓.▓.▓.▓
▓)▓.▓.▓.▓.▓.▓.▓
▓'▓.▓.▓.▓.▓.▓.▓
▓.▓.▓.▓.▓.▓.▓.▓
▓)▓.▓.▓.▓)▓.▓.▓
▓)▓.▓.▓[▓)▓.▓.▓
▓<▓...▓.[.▓...▓


You could see a frost giant.

Vanquished Creatures
  Erolcha (D)
  A centaur warrior (D)
  A death yak (D)
  An orc high priest (D)
  An unseen horror (D)
  7 orc knights (D)
  A wolf spider (D)
  3 orc sorcerers (D)
  An ugly thing (D)
  A cyclops (D)
  A black mamba (D)
  3 spiny frogs (D)
  A rime drake (D)
  A komodo dragon (D)
  2 polar bears (D)
  A blink frog (D)
  A slime creature (D)
  2 hippogriffs (D)
  A shadow (D)
  Grum (D)
  A yak (D)
  A basilisk (D)
  A porcupine (D)
  11 orc warriors (D)
  6 black bears (D)
  3 wolves (D)
  An ogre (D)
  A centaur (D)
  3 crocodiles (D)
  3 bullfrogs (D)
  A scorpion (D)
  3 hounds (D)
  A jelly (D)
  2 orc priests (D)
  An iguana (D)
  An orc wizard (D)
  A gnoll (D)
  A shadow imp (D)
  An ooze (D)
  An adder skeleton (D)
  A dart slug (D)
  A leopard gecko (D)
  15 orcs (D)
  2 giant cockroaches (D)
  A hobgoblin (D)
  A frilled lizard (D)
97 creatures vanquished.

Vanquished Creatures (others)
  A bullfrog (D)
1 creature vanquished.

Grand Total: 98 creatures vanquished

Notes
Turn   | Place    | Note
-------+----------+-------------------------------------------
     0 | D        | letownia2 the Troll Wizard began the quest for the Orb.
     0 | D        | Reached XP level 1. HP: 16/16 MP: 2/2
     5 | D        | Reached skill level 1 in Unarmed Combat
     9 | D        | Reached skill level 1 in Fighting
     9 | D        | Reached skill level 2 in Unarmed Combat
    13 | D        | Reached skill level 3 in Unarmed Combat
    13 | D        | Reached XP level 2. HP: 21/27 MP: 4/4
    52 | D        | Reached skill level 4 in Unarmed Combat
    55 | D        | Reached skill level 5 in Unarmed Combat
    57 | D        | Reached XP level 3. HP: 15/35 MP: 5/5
    79 | D        | Learned a level 3 spell: Mephitic Cloud
    82 | D        | Learned a level 2 spell: Blink
    85 | D        | Found a roughly hewn altar of Beogh.
    85 | D        | Found a snail-covered altar of Cheibriados.
    85 | D        | Found a shadowy altar of Dithmenos.
    85 | D        | Found a white marble altar of Elyvilon.
    85 | D        | Found a blossoming altar of Fedhas.
    85 | D        | Found an opulent altar of Gozag.
    86 | D        | Found a hazy altar of Hepliaklqana.
    87 | D        | Found a viscous altar of Jiyva.
    88 | D        | Found an ancient bone altar of Kikubaaqudgha.
    89 | D        | Found a corrupted altar of Lugonu.
    90 | D        | Found a burning altar of Makhleb.
    91 | D        | Found a sparkling altar of Nemelex Xobeh.
    92 | D        | Found an iron altar of Okawaru.
    93 | D        | Became a worshipper of Gozag Ym Sagoz the Greedy
    94 | D        | Found a stormy altar of Qazlal.
    95 | D        | Found a sacrificial altar of Ru.
    96 | D        | Found a deep blue altar of Sif Muna.
    97 | D        | Found a bloodstained altar of Trog.
    98 | D        | Found a hide-covered altar of Uskayaw.
    99 | D        | Found a radiant altar of Vehumet.
   100 | D        | Found an ornate altar of the Wu Jian Council.
   101 | D        | Found a shimmering altar of Xom.
   102 | D        | Found a basalt altar of Yredelemnul.
   103 | D        | Found a glowing silver altar of Zin.
   104 | D        | Found a glowing golden altar of the Shining One.
   126 | D        | Got the +2 scimitar of Abomination {pain, +Blink rF+ Int+3 Dex-2}
   137 | D        | Noticed an orc warrior
   137 | D        | Noticed a scorpion
   137 | D        | Noticed an ogre
   142 | D        | Reached skill level 1 in Translocations
   142 | D        | Reached skill level 1 in Air Magic
   142 | D        | Reached skill level 1 in Poison Magic
   142 | D        | Reached XP level 4. HP: 42/42 MP: 6/6
   179 | D        | Killed an ogre
   179 | D        | Reached skill level 6 in Unarmed Combat
   179 | D        | Reached XP level 5. HP: 23/49 MP: 2/8
   219 | D        | Killed an orc warrior
   219 | D        | Reached skill level 7 in Unarmed Combat
   219 | D        | Reached XP level 6. HP: 44/57 MP: 1/10
   228 | D        | Learned a level 3 spell: Conjure Flame
   364 | D        | Killed an unseen horror
   364 | D        | Reached skill level 9 in Unarmed Combat
   364 | D        | Reached XP level 7. HP: 33/65 MP: 3/12
   375 | D        | Learned a level 2 spell: Call Imp
   430 | D        | Noticed a yak
   430 | D        | Noticed a cyclops
   430 | D        | Noticed a shadow
   448 | D        | Killed a shadow
   448 | D        | Reached skill level 10 in Unarmed Combat
   462 | D        | Killed a cyclops
   462 | D        | Reached skill level 11 in Unarmed Combat
   462 | D        | Reached XP level 8. HP: 42/79 MP: 2/13
   472 | D        | Reached skill level 12 in Unarmed Combat
   636 | D        | Noticed a blink frog
   636 | D        | Noticed a black mamba
   642 | D        | Reached skill level 5 in Fighting
   651 | D        | Noticed a death yak
   652 | D        | Killed a black mamba
   655 | D        | Reached skill level 13 in Unarmed Combat
   659 | D        | Noticed a rime drake
   671 | D        | Killed a death yak
   671 | D        | Reached skill level 14 in Unarmed Combat
   671 | D        | Reached XP level 9. HP: 76/92 MP: 2/14
   693 | D        | Killed a rime drake
   711 | D        | Noticed a spiny frog
   711 | D        | Noticed a komodo dragon
   711 | D        | Noticed a spiny frog
   786 | D        | Killed a spiny frog
   788 | D        | Noticed a spiny frog
   797 | D        | Killed a komodo dragon
   797 | D        | Reached skill level 5 in Dodging
   880 | D        | Killed a spiny frog
   880 | D        | Reached skill level 15 in Unarmed Combat
   880 | D        | Reached XP level 10. HP: 80/106 MP: 11/15
   884 | D        | Killed a spiny frog
   975 | D        | Reached skill level 10 in Fighting
   978 | D        | Reached skill level 16 in Unarmed Combat
  1000 | D        | Bought the +2 ratskin cloak {+Rats rPois rN+ Str-1 Int-1 Dex+1} for 444 gold pieces
  1000 | D        | Found the +2 ratskin cloak {+Rats rPois rN+ Str-1 Int-1 Dex+1}
  1073 | D        | Noticed Erolcha
  1083 | D        | Killed Erolcha
  1161 | D        | Noticed an orc knight
  1192 | D        | Killed an orc knight
  1305 | D        | Reached skill level 17 in Unarmed Combat
  1325 | D        | Noticed an orc knight
  1328 | D        | Noticed an orc knight
  1380 | D        | Killed an orc knight
  1380 | D        | Reached XP level 11. HP: 120/120 MP: 5/16
  1386 | D        | Killed an orc knight
  1386 | D        | Reached skill level 18 in Unarmed Combat
  1453 | D        | Found Myuroif's Armour Boutique.
  1453 | D        | Noticed an orc sorcerer
  1453 | D        | Noticed an orc knight
  1453 | D        | Noticed an orc knight
  1454 | D        | Noticed an orc knight
  1456 | D        | Noticed an orc sorcerer
  1458 | D        | Noticed a sun demon
  1522 | D        | Killed an orc knight
  1531 | D        | Killed an orc knight
  1532 | D        | Killed an orc sorcerer
  1536 | D        | Killed an orc knight
  1536 | D        | Reached skill level 19 in Unarmed Combat
  1653 | D        | Killed an orc sorcerer
  1672 | D        | Found Wour's Book Shop.
  1676 | D        | Found Yngua's Antique Armour Boutique.
  1678 | D        | Noticed an orc high priest
  1679 | D        | Found Suiheos's Jewellery Shop.
  1684 | D        | Killed an orc high priest
  1685 | D        | Noticed an orc sorcerer
  1687 | D        | Noticed an orc knight
  1698 | D        | Killed an orc sorcerer
  1705 | D        | Killed an orc knight
  1705 | D        | Reached skill level 20 in Unarmed Combat
  1742 | D        | Bought a book of Transfigurations for 605 gold pieces
  1749 | D        | Learned a level 6 spell: Statue Form
  1760 | D        | Bought the +1 cloak of Starlight {rElec rC+ EV+4 Stlth--} for 1424 gold pieces
  1760 | D        | Found the +1 cloak of Starlight {rElec rC+ EV+4 Stlth--}
  1824 | D        | Noticed Grum
  1834 | D        | Killed Grum
  1834 | D        | Reached skill level 1 in Transmutations
  1834 | D        | Reached skill level 1 in Earth Magic
  2142 | D        | Bought a scroll of identify for 22 gold pieces
  2143 | D        | Bought a ration for 55 gold pieces
  2143 | D        | Bought a potion of berserk rage for 55 gold pieces
  2143 | D        | Bought a ration for 55 gold pieces
  2404 | D        | Bought a ration for 60 gold pieces
  2404 | D        | Bought a ration for 60 gold pieces
  2404 | D        | Bought a ration for 60 gold pieces
  2404 | D        | Bought a ration for 60 gold pieces
  2404 | D        | Bought a ration for 60 gold pieces
  2404 | D        | Bought a ration for 60 gold pieces
  2404 | D        | Bought a ration for 60 gold pieces
  2404 | D        | Bought a ration for 60 gold pieces
  2404 | D        | Bought a ration for 60 gold pieces
  2404 | D        | Bought a ration for 60 gold pieces
  2503 | D        | Got the +3 trident of Vefakh {flame, rC+ rN+ Stlth-}
  2553 | D        | Noticed a green ugly thing
  2553 | D        | Noticed a centaur warrior
  2553 | D        | Noticed a wolf spider
  2556 | D        | Killed a wolf spider
  2556 | D        | Reached skill level 1 in Armour
  2561 | D        | Killed a centaur warrior
  2561 | D        | Reached skill level 5 in Spellcasting
  2564 | D        | Killed a green ugly thing
  2573 | D        | Noticed a frost giant
  2638 | D        | Killed from afar by a frost giant

Skill      XL: |  1  2  3  4  5  6  7  8  9 10 11 |
---------------+----------------------------------+-----
Unarmed Combat | 3 5 6 7 9 11 14 15 17 20 | 20.0
Fighting       | 1 2 4 6 8 11 | 11.0
Conjurations   | 3 4 |  4.8
Translocations | 1 2 3 |  3.2
Air Magic      | 1 2 |  2.8
Poison Magic   | 1 2 3 |  3.1
Dodging        | 2 3 5 |  5.7
Spellcasting   | 3 4 5 |  5.3
Fire Magic     | 3 |  3.4
Transmutations | 2 |  2.8
Earth Magic    | 3 |  3.4
Armour         | 2 |  2.6
Stealth        | |  1.0
Summonings     | |  0.6

Action                   |  1- 3 |  4- 6 |  7- 9 | 10-12 || total
-------------------------+-------+-------+-------+-------++-------
Melee: Unarmed           |    31 |    17 |    52 |   168 ||   268
       Punch             |     1 |     1 |     3 |    14 ||    19
 Cast: Mephitic Cloud    |       |     5 |     7 |    26 ||    38
       Conjure Flame     |       |     1 |     7 |     6 ||    14
       Blink             |       |       |       |     1 ||     1
Invok: Call Merchant     |       |       |     1 |     4 ||     5
  Use: Scroll            |       |       |       |     1 ||     1
 Stab: Confused          |       |     1 |     2 |    15 ||    18
  Eat: Chunk             |     6 |     1 |       |       ||     7
       Ration            |       |       |       |     6 ||     6
Armor: Robe              |     6 |     7 |    14 |    35 ||    62
       Acid dragon scale |       |       |       |     5 ||     5
Dodge: Dodged            |    10 |     5 |    18 |    49 ||    82
